 Dungeon Crawl Stone Soup version 0.29-a0-817-g9904bce7a6 (webtiles) character file.

Game seed: 1939590000984062511

10227 jlumianski the Chopper (level 11, -6/75 HPs)
             Began as a Demonspawn Fighter on July 5, 2022.
             Was an Elder of Hepliaklqana.
             Mangled by a tyrant leech (10 damage)
             ... on level 10 of the Dungeon.
             The game lasted 00:39:18 (8919 turns).

jlumianski the Chopper (Demonspawn Fighter)         Turns: 8919, Time: 00:39:20

Health: -6/75      AC: 12    Str: 20    XL:     11   Next: 33%
Magic:  15/20      EV: 10    Int: 11    God:    Hepliaklqana [****..]
Gold:   1629       SH:  5    Dex: 16    Spells: 19/22 levels left

rFire   + + .      SeeInvis .   a - +2 war axe (venom)
rCold   + . .      Faith    .   c - +0 buckler
rNeg    . . .      Spirit   .   J - +1 scale mail of the Bull {rF++}
rPois   .          Reflect  .   (helmet restricted)
rElec   .          Harm     .   (no cloak)
rCorr   +          Rampage  .   y - +0 pair of gloves
Will    .....                   r - +1 pair of boots
Stlth   +++.......              u - amulet of regeneration
HPRegen 1.02/turn               s - ring of protection from cold
MPRegen 0.34/turn               g - ring of resist corrosion

@: very slightly contaminated
A: reduced essence, horns 2, thin skeletal structure 2, demonic guardian 1,
magic regeneration
a: Renounce Religion, Recall Ancestor, Ancestor Identity, Transference, Idealise


You were on level 10 of the Dungeon.
You worshipped Hepliaklqana.
Hepliaklqana was greatly pleased with you.
You visited 2 branches of the dungeon, and saw 12 of its levels.

You collected 1629 gold pieces.

Inventory:

Hand Weapons
 a - a +2 war axe of venom (weapon)
 L - a +2 whip of venom
Missiles
 f - a boomerang
 k - 93 stones
 m - 3 curare-tipped darts
 A - 8 poisoned darts (quivered)
Armour
 c - a +0 buckler (worn)
 r - a +1 pair of boots (worn)
 y - a +0 pair of gloves (worn)
 J - the +1 scale mail of the Bull (worn) {rF++}
   (You found it on level 8 of the Dungeon)

   rF:        It greatly protects you from fire.
 O - +0 acid dragon scales
Jewellery
 g - a ring of resist corrosion (right hand)
 s - a ring of protection from cold (left hand)
 u - an amulet of regeneration (around neck)
Wands
 q - a wand of flame (29)
 x - a wand of digging (4)
 E - a wand of mindburst (16)
 F - a wand of quicksilver (4)
 G - a wand of charming (23)
Scrolls
 i - 2 scrolls of teleportation
 j - 4 scrolls of fog
 w - 3 scrolls of poison
 M - a scroll of fear
Potions
 d - 4 potions of might
 e - 5 potions of attraction
 n - 3 potions of heal wounds
 o - a potion of resistance
 t - 2 potions of haste
 B - 3 potions of lignification
 C - 3 potions of curing
 I - 2 potions of magic
Miscellaneous
 N - a condenser vane (inert)


   Skills:
 * Level 7.5 Fighting
 + Level 7.7 Axes
 + Level 1.0 Throwing
 + Level 6.7 Armour
 + Level 2.8 Dodging
 + Level 2.6 Stealth
 + Level 4.4 Shields
 * Level 6.4 Spellcasting
 * Level 6.1 Summonings
 * Level 7.5 Invocations
 + Level 0.3 Evocations


You had 19 spell levels left.
You knew the following spells:

 Your Spells              Type           Power      Damage    Failure   Level
a - Call Canine Familiar  Summ           16%        N/A       16%         3

Your spell library contained the following spells:

 Spells                   Type           Power      Damage    Failure   Level
 Blink                    Tloc           6%         N/A       67%         2
 Summon Ice Beast         Ice/Summ       10%        N/A       86%         4
 Summon Lightning Spire   Summ/Air       10%        N/A       86%         4
 Frozen Ramparts          Ice            6%         1d2       88%         3
 Lesser Beckoning         Tloc           3%         N/A       88%         3
 Portal Projectile        Hex/Tloc       6%         N/A       88%         3
 Anguish                  Hex/Necr       1%         N/A       99%         4
 Ice Form                 Ice/Tmut       3%         N/A       99%         4
 Leda's Liquefaction      Hex/Erth       1%         N/A       99%         4
 Petrify                  Tmut/Erth      3%         N/A       99%         4
 Manifold Assault         Tloc           3%         N/A       100%        5
 Metabolic Englaciation   Hex/Ice        1%         N/A       100%        5
 Statue Form              Tmut/Erth      2%         N/A       100%        6
 Enfeeble                 Hex            1%         N/A       100%        7
 Storm Form               Tmut/Air       1%         N/A       100%        7
 Maxwell's Capacitive Co  Air            1%         ∞         100%        8


Dungeon Overview and Level Annotations

Branches:
Dungeon (11/15)            Temple (1/1) D:4            Lair (0/6) D:10
    Orc: D:9-12

Altars:
Ashenzari
Cheibriados
Dithmenos
Fedhas
Hepliaklqana
Kikubaaqudgha
Makhleb
Nemelex Xobeh
Okawaru
Qazlal
Ru
Sif Muna
Trog
Uskayaw
Vehumet
Wu Jian
Yredelemnul

Shops:
D:5 (


Innate Abilities, Weirdness & Mutations

Your life essence is reduced to manifest your ancestor. (-10% HP)
You have a pair of horns on your head.
You have a moderately thin skeletal structure. (Dex +4, Stealth++)
A weak demonic guardian rushes to your aid.
You regenerate magic rapidly.


Message History

The swamp worm is engulfed in poison gas.
The swamp worm looks even sicker.
The swamp worm fires a harpoon shot at you.
The harpoon shot hits you but does no damage.
Okay, then.
You feel much better.
Your quasit bites the tyrant leech but does no damage.
Your quasit claws the tyrant leech but does no damage.
Your quasit closely misses the tyrant leech.
The swamp worm is engulfed in poison gas.
The swamp worm looks even sicker.
The swamp worm bites you.
The swamp worm is engulfed in poison gas.
The swamp worm looks even sicker.
The swamp worm bites you.
The tyrant leech is engulfed in poison gas.
The tyrant leech looks even sicker.
The tyrant leech bites you!
* * * LOW HITPOINT WARNING * * *
The tyrant leech draws strength from your injuries!
The nameless horror misses you.
The swamp worm is engulfed in poison gas.
The swamp worm looks even sicker.
The swamp worm fires a harpoon shot at you.
The harpoon shot hits you!
* * * LOW HITPOINT WARNING * * *
You are yanked forward by the harpoon shot.
Splash!
You fall into the shallow water.
Moving in this stuff is going to be slow.
Your quasit disappears in a puff of smoke!
The swamp worm is engulfed in poison gas.
The swamp worm looks as sick as possible!
You block the swamp worm's attack.
The swamp worm is engulfed in poison gas.
The swamp worm looks as sick as possible!
The swamp worm bites you but does no damage.
The swamp worm is engulfed in poison gas.
The swamp worm looks as sick as possible!
The nameless horror misses you.
The tyrant leech is engulfed in poison gas.
The tyrant leech looks even sicker.
The tyrant leech bites you!
You die...

..........##.....# #..# #..##...
..........##.....# #..# #..##...
..........##.....# #..###..##...
.##.......##.....# ##≈≈≈≈≈..##...
.##.......##.....###≈≈≈≈≈≈≈.##.<.
.##...............≈≈≈≈###≈≈≈≈#...
.##...........§§§§§§### ###≈≈≈...
.##...........§Xww§§#≈≈≈≈ ##≈≈...
.##...........§§@w§§§≈≈≈≈ #≈≈#..
.##.............§w§§#≈≈≈≈ ##≈≈#..
.##..........###.≈≈≈###?###≈≈≈#..
.##..........# #..≈≈≈≈###≈≈≈≈....
.............# #..##≈≈≈≈≈≈≈.###..
...[.........# #..###≈≈≈≈≈..# #..
.............# #............# #..
..##.........# #............# #..
..##.........# #..##........# #..


You could see a tyrant leech (very poisoned), a nameless horror and 3 swamp
worms.

Vanquished Creatures
  A two-headed ogre (D:10)
  An unseen horror (D:10)
  2 wraiths
  5 yaks
  3 basilisks (D:10)
  An acid dragon (D:10)
  A swamp worm (D:10)
  A water moccasin (D:5)
  2 sky beasts
  An orc warrior (D:9)
  3 black bears
  2 ice beasts
  The ghost of blackman the Sneak, an amateur HuDe of Okawaru (D:4)
  3 centaurs
  A phantom (D:5)
  A necrophage (D:6)
  A bullfrog (D:6)
  2 scorpions
  11 wights
  A howler monkey (D:6)
  A jelly (D:6)
  A gnoll bouda (D:6)
  4 hounds
  3 iguanas
  5 orc wizards
  7 gnolls
  3 adders
  An ufetubus (D:7)
  3 worms
  A dart slug (D:2)
  11 orcs
  4 bats
  6 endoplasms
  6 giant cockroaches
  7 goblins
  6 hobgoblins
  6 kobolds
  7 quokkas
  6 ball pythons
  2 frilled lizards
  12 rats
146 creatures vanquished.

Vanquished Creatures (collateral kills)
  3 two-headed ogres
  2 kobold demonologists (D:9)
  A hornet (D:8)
  A wyvern (D:10)
  A yak (D:10)
  2 steam dragons
  A basilisk (D:10)
  2 vampire mosquitoes (D:11)
  Edmund (D:6)
  An acid dragon (D:10)
  A nameless horror (D:7)
  An orc warrior (D:8)
  An ice beast (D:5)
  2 kobold brigands (D:9)
  4 bullfrogs
  A necrophage (D:6)
  A scorpion (D:7)
  11 wights
  A howler monkey (D:10)
  A gnoll bouda (D:9)
  2 hounds
  2 orc wizards
  4 gnolls
  2 white imps
  7 orcs
  6 kobolds (D:9)
62 creatures vanquished.

Vanquished Creatures (others)
  5 battlemagi
  An ancestor (D:5)
  A hobgoblin (D:4)
  4 plants (D:10)
11 creatures vanquished.

Grand Total: 219 creatures vanquished

Notes
Turn   | Place    | Note
-------+----------+-------------------------------------------
     0 | D:1      | jlumianski the Demonspawn Fighter began the quest for the
                  | Orb.
     0 | D:1      | Reached XP level 1. HP: 18/18 MP: 1/1
   223 | D:1      | Gained mutation: You regenerate magic rapidly. [demonic
                  | ancestry]
   223 | D:1      | Reached XP level 2. HP: 18/24 MP: 2/2
   717 | D:1      | Gained mutation: You have a somewhat thin skeletal
                  | structure. (Dex +2, Stealth+) [demonic ancestry]
   717 | D:1      | Reached XP level 3. HP: 26/29 MP: 3/3
  1358 | D:1      | Reached XP level 4. HP: 28/35 MP: 4/4
  2116 | D:4      | Found a staircase to the Ecumenical Temple.
  2125 | Temple   | Entered the Ecumenical Temple
  2186 | Temple   | Became a worshipper of Hepliaklqana the Forgotten
  2223 | D:4      | Learned a level 3 spell: Call Canine Familiar
  2554 | D:5      | Entered Level 5 of the Dungeon
  2575 | D:5      | Reached XP level 5. HP: 42/42 MP: 5/5
  2585 | D:5      | Found Woeroam's Weapon Boutique.
  2585 | D:5      | Noticed a phantom
  2608 | D:5      | Killed a phantom
  2609 | D:5      | Reached skill level 1 in Summonings
  2609 | D:5      | Reached skill level 1 in Invocations
  2692 | D:4      | Noticed a water moccasin
  2698 | D:5      | Killed a water moccasin
  2699 | D:5      | Reached skill level 1 in Dodging
  2699 | D:5      | Reached skill level 1 in Spellcasting
  2699 | D:5      | Reached XP level 6. HP: 48/48 MP: 7/7
  2736 | D:4      | Found a runed translucent door.
  2736 | D:4      | Noticed blackman's ghost (amateur HuDe)
  2963 | D:4      | Gained mutation: A weak demonic guardian rushes to your
                  | aid. [demonic ancestry]
  2963 | D:4      | Reached XP level 7. HP: 52/54 MP: 9/9
  3084 | D:4      | Reached * piety under Hepliaklqana
  3478 | D:4      | Killed blackman's ghost
  3595 | D:6      | HP: 2/49 [centaur (2)]
  3756 | D:6      | Noticed Edmund
  3762 | D:5      | Gained mutation: You have a moderately thin skeletal
                  | structure. (Dex +4, Stealth++) [demonic ancestry]
  3762 | D:5      | Reached XP level 8. HP: 54/54 MP: 11/11
  3796 | D:5      | Reached skill level 5 in Fighting
  3821 | D:5      | Reached skill level 1 in Stealth
  4017 | D:5      | Reached ** piety under Hepliaklqana
  4018 | D:5      | Remembered your ancestor Inhapi as a battlemage
  4368 | D:6      | Found a burning altar of Makhleb.
  4368 | D:6      | Found a radiant altar of Vehumet.
  4369 | D:6      | Found a bloodstained altar of Trog.
  4388 | D:6      | Noticed a nameless horror
  4471 | D:6      | Reached skill level 5 in Axes
  4544 | D:6      | Killed Edmund
  4549 | D:6      | Found a sacrificial altar of Ru.
  4757 | D:6      | Reached XP level 9. HP: 61/61 MP: 14/14
  5107 | D:7      | Reached skill level 5 in Armour
  5423 | D:8      | Reached skill level 5 in Invocations
  5709 | D:9      | Noticed a kobold demonologist
  5709 | D:9      | Reached *** piety under Hepliaklqana
  5728 | D:9      | Noticed a two-headed ogre
  5736 | D:9      | Killed a two-headed ogre
  5865 | D:8      | Identified the +1 scale mail of the Bull {rF++}
  5935 | D:8      | Gained mutation: You have a pair of small horns on your
                  | head. [demonic ancestry]
  5935 | D:8      | Reached XP level 10. HP: 62/68 MP: 14/16
  6606 | D:9      | Reached skill level 5 in Spellcasting
  6612 | D:9      | Reached skill level 5 in Summonings
  6637 | D:9      | Reached **** piety under Hepliaklqana
  6860 | D:9      | Noticed a soul eater
  7014 | D:10     | Entered Level 10 of the Dungeon
  7139 | D:9      | Noticed a two-headed ogre
  7145 | D:9      | Killed a two-headed ogre
  7146 | D:9      | Reached skill level 1 in Throwing
  7793 | D:9      | Identified a scroll of acquirement
  7793 | D:9      | Acquired 988 gold pieces
  7843 | D:10     | Noticed a two-headed ogre
  7857 | D:10     | Killed a two-headed ogre
  7914 | D:10     | Noticed a two-headed ogre
  7982 | D:10     | Killed a two-headed ogre
  7983 | D:10     | Gained mutation: You have a pair of horns on your head.
                  | [demonic ancestry]
  7983 | D:10     | Reached XP level 11. HP: 23/75 MP: 17/20
  8734 | D:10     | Found a staircase to the Lair.
  8918 | D:10     | HP: 2/75 [swamp worm/harpoon shot (13)]
  8919 | D:10     | Mangled by a tyrant leech

Illustrated notes

Levels and vault maps discovered:
D:1:      eino_arrival_cavern_d, layout_basic
D:2:      layout_rooms
D:3:      layout_rooms
D:4:      layout_basic, nicolae_overflow_hidden_temple,
          lemuel_temple_firewalk_a, hellmonk_ghost_happy_afterlife,
          dreamdust_wishing_well
D:5:      layout_rooms, nicolae_overflow_crystal_walls, serial_shops,
          nicolae_lakefront_shop
D:6:      layout_basic, nicolae_overflow_quartered_altars, uniq_edmund
D:7:      layout_loops_ring
D:8:      layout_cave_pools
D:9:      layout_layer_cave
D:10:     kennysheep_spiral_hall, layout_long_grid, erik_lair_dragon,
          worms_lemuel
D:11:     layout_basic, orc_0_dummy, lemuel_flamethrower_2
Temple:   compressed_dpeg_triangle_lava_temple

Skill      XL: |  1  2  3  4  5  6  7  8  9 10 11 |
---------------+----------------------------------+-----
Armour         | 3 4 5 6 |  6.7
Shields        | 3 4 |  4.4
Axes           | 2 3 4 5 6 7 |  7.7
Summonings     | 1 2 3 4 5 6 |  6.1
Invocations    | 1 2 3 4 5 7 |  7.5
Dodging        | 1 2 |  2.8
Spellcasting   | 1 2 3 4 6 |  6.4
Fighting       | 4 5 6 7 |  7.5
Stealth        | 1 2 |  2.6
Throwing       | 1 |  1.0
Evocations     | |  0.3

Action                   |  1- 3 |  4- 6 |  7- 9 | 10-12 || total
-------------------------+-------+-------+-------+-------++-------
Melee: War axe           |    84 |   135 |   121 |   106 ||   446
       Headbutt          |       |       |       |    28 ||    28
Throw: Stone             |       |     3 |       |       ||     3
       Dart              |       |       |     8 |     3 ||    11
 Cast: Call Canine Famil |       |       |     2 |    17 ||    19
Invok: Ancestor Life: Ba |       |       |     1 |       ||     1
       Recall Ancestor   |       |       |     1 |       ||     1
Evoke: Wand              |       |       |     2 |     2 ||     4
       Condenser vane    |       |       |       |     1 ||     1
  Use: Scroll            |       |     3 |    17 |     3 ||    23
       Potion            |       |     1 |     5 |     2 ||     8
 Stab: Sleeping          |       |     1 |     2 |     2 ||     5
       Distracted        |       |       |     5 |     3 ||     8
Armor: Scale mail        |    41 |    55 |    50 |    60 ||   206
Dodge: Dodged            |    50 |    78 |    62 |    55 ||   245
Block: Buckler           |    22 |    40 |    26 |    35 ||   123

Table legend: (Time is in decaauts)
 A = Elapsed time spent in this place.
 B = Non-inter-level travel time spent in this place.
 C = Inter-level travel time spent in this place.
 D = Time resting spent in this place.
 E = Time spent auto-exploring this place.
 F = Levels seen in this place.
 G = Mean time per level.
                   A        B        C        D        E       F      G
               +--------+--------+--------+--------+--------+-----+--------+
         Total |   9105 |   9014 |     91 |    517 |   5048 |  12 |  758.8 |
       Dungeon |   9012 |   8921 |     91 |    517 |   5048 |  11 |  819.3 |
        Temple |     92 |     92 |      0 |      0 |      0 |   1 |   92.0 |
               +--------+--------+--------+--------+--------+-----+--------+

Top non-repeatable levels by time:
     D:9: 1509 daAuts
     D:1: 1221 daAuts
    D:10: 1112 daAuts
     D:4: 1033 daAuts
     D:6: 855 daAuts
     D:7: 755 daAuts
     D:5: 671 daAuts
     D:2: 643 daAuts
     D:8: 623 daAuts
     D:3: 521 daAuts
  Temple: 92 daAuts
    D:11: 64 daAuts
